 Dungeon Crawl Stone Soup version 0.26-a0-812-g31a745ddcd (webtiles) character file.

Game seed: 1320814463019995237

401 kae the Insei (level 6, 0/34 HPs)
             Began as a Tengu Transmuter on Nov 17, 2020.
             Shot with an arrow by a centaur (14 damage)
             ... on level 5 of the Dungeon.
             The game lasted 00:02:33 (4428 turns).

kae the Insei (Tengu Transmuter)                    Turns: 4428, Time: 00:02:34

Health: 0/34       AC:  8    Str: 18    XL:     6   Next: 85%
Magic:  10/10      EV: 15    Int: 13    God:
Gold:   282        SH:  0    Dex: 15    Spells: 5/9 levels left

rFire    . . .     SeeInvis .     - Unarmed
rCold    . . .     Faith    .   (no shield)
rNeg     . . .     Spirit   .   a - +0 robe
rPois    .         Reflect  .   (helmet currently unavailable)
rElec    .         Harm     .   (no cloak)
rCorr    .         Rampage  .   h - +1 pair of gloves
MR       .....                  (boots unavailable)
Stlth    +.........             (no amulet)
HPRegen  0.11/turn              b - +4 ring of protection
MPRegen  0.12/turn              i - +6 ring of strength

@: appendages (expiring), flying quickly and evasively, quick
A: beak, horns 2, talons 3, able to fly
a: Stop Flying, End Transformation


You were on level 5 of the Dungeon.
You had grown temporary horns.
You visited 1 branch of the dungeon, and saw 5 of its levels.

You collected 282 gold pieces.

Inventory:

Armour
 a - a +0 robe (worn)
 h - a +1 pair of gloves (worn)
Jewellery
 b - a +4 ring of protection (left hand)
 i - a +6 ring of strength (right hand)
Scrolls
 e - 2 scrolls of enchant armour
 m - a scroll of remove curse
 n - a scroll of teleportation
Potions
 c - a potion of mutation
 d - a potion of heal wounds
 g - 2 potions of haste
 j - 2 potions of brilliance
 l - a potion of resistance {unknown}
 o - 2 potions of might {unknown}


   Skills:
 - Level 1.0 Fighting
 - Level 2.1 Dodging
 + Level 5.4 Unarmed Combat
 - Level 2.0 Spellcasting
 * Level 4.8 Transmutations


You had 5 spell levels left.
You knew the following spells:

 Your Spells              Type           Power        Failure   Level
a - Beastly Appendage     Tmut           ##....       3%          1
b - Spider Form           Tmut/Pois      #.........   28%         3

Your spell library contained the following spells:

 Spells                   Type           Power        Failure   Level
 Wereblood                Tmut           ##......     5%          2
 Ice Form                 Ice/Tmut       #.......     67%         4
 Blade Hands              Tmut           ##........   67%         5


Dungeon Overview and Level Annotations

Branches:
Dungeon (5/15)             Temple (0/1) D:5

Altars:
Okawaru
Trog
Zin


Innate Abilities, Weirdness & Mutations

You have a beak for a mouth.
You have claws for feet.
You can fly continuously.
You have a pair of horns on your head.


Message History

A centaur comes into view.
The phantom hits you.
The phantom blinks!
The centaur shouts!
The centaur wields a +0 shortbow.
The centaur shoots an arrow.
The arrow hits you.
You see here an arrow.
The centaur shoots an arrow.
The arrow hits you.
The phantom blinks!
You see here an arrow.
The centaur shoots an arrow.
The arrow hits you! The phantom closely misses you.
The centaur shoots an arrow.
The arrow closely misses you.
You see here an arrow.
You are too injured to fight recklessly!
You are too injured to fight recklessly!
You are too injured to fight recklessly!
You see here 2 arrows.
The phantom blinks!
The centaur shoots an arrow.
The arrow closely misses you.
The centaur shoots an arrow.
The arrow hits you!
You die...

#...# #...#
##########...#
#............######
#.####..###.......#
#W####.c##........#
#.##..........##..##
#.##.#ยง.##..#.......
#.(@.((.##..####..#.
####.#..............
#.######.......#. #.#
##...####.##. #.#
#....# #.### #.#
#.>..####.#.. #.#
#......##.... ..#
##.....####.# #.....#
#.#


You could see a centaur.

Vanquished Creatures
  A black bear (D:4)
  A phantom (D:5)
  A centaur zombie (D:5)
  An orc wizard (D:4)
  A hound skeleton (D:5)
  6 adders
  3 gnolls (D:3)
  An ooze (D:4)
  A worm (D:2)
  2 dart slugs
  A leopard gecko (D:3)
  4 orcs (D:4)
  A ball python (D:3)
  5 bats
  4 giant cockroaches
  5 goblins
  4 hobgoblins
  4 jackals (D:4)
  5 kobolds
  A quokka (D:3)
  4 frilled lizards
  A goblin zombie (D:4)
  A quokka skeleton (D:4)
  6 rats
  A rat zombie (D:4)
65 creatures vanquished.

Notes
Turn   | Place    | Note
-------+----------+-------------------------------------------
     0 | D:1      | kae the Tengu Transmuter began the quest for the Orb.
     0 | D:1      | Reached XP level 1. HP: 12/12 MP: 4/4
   347 | D:1      | Reached XP level 2. HP: 9/16 MP: 6/6
  1620 | D:2      | Found a faded altar of an unknown god.
  1635 | D:2      | Reached XP level 3. HP: 20/20 MP: 5/7
  2309 | D:3      | Reached skill level 4 in Unarmed Combat
  2309 | D:3      | Reached XP level 4. HP: 22/25 MP: 8/8
  2391 | D:3      | Learned a level 3 spell: Spider Form
  2954 | D:4      | Gained mutation: You can fly continuously. [Tengu growth]
  2954 | D:4      | Reached XP level 5. HP: 25/29 MP: 5/9
  3187 | D:4      | Found a glowing silver altar of Zin.
  3187 | D:4      | Noticed an angel
  3205 | D:4      | Found an iron altar of Okawaru.
  3257 | D:4      | Found a bloodstained altar of Trog.
  3327 | D:4      | Noticed a black bear
  3343 | D:4      | Killed a black bear
  3343 | D:4      | Reached skill level 5 in Unarmed Combat
  3343 | D:4      | Reached XP level 6. HP: 16/34 MP: 1/10
  4140 | D:5      | Entered Level 5 of the Dungeon
  4159 | D:5      | Noticed a phantom
  4188 | D:5      | Killed a phantom
  4254 | D:5      | Found a staircase to the Ecumenical Temple.
  4273 | D:5      | Noticed a phantom
  4428 | D:5      | Shot with an arrow by a centaur

Illustrated notes

Levels and vault maps discovered:
D:1:      dpeg_arrival_prison, layout_basic, nrook_loot_triangle
D:2:      layout_basic, chequers_ecumenical_altar_simple
D:3:      layout_rooms, hangedman_decor_lopped
D:4:      layout_basic, zin_angel, lemuel_round_altar, enter_ossuary_4,
          okawaru_metal_pillars_1_2
D:5:      layout_loops_cross, minmay_temple_entry_butterflies, serial_shops,
          shop, led_xom_imps, uniq_pikel

Skill      XL: |  1  2  3  4  5 |
---------------+----------------+-----
Transmutations | 2 3 4 |  4.8
Unarmed Combat | 4 5 |  5.4
Fighting       | |  1.0
Dodging        | |  2.1
Spellcasting   | |  2.0

Action                   |  1- 3 |  4- 6 || total
-------------------------+-------+-------++-------
Melee: Unarmed           |    89 |   100 ||   189
       Headbutt          |    12 |    11 ||    23
       Peck              |    13 |    15 ||    28
       Kick              |    15 |    22 ||    37
       Punch             |     2 |     2 ||     4
 Cast: Beastly Appendage |    19 |    14 ||    33
       Spider Form       |       |     2 ||     2
 Abil: Fly               |       |     1 ||     1
  Use: Scroll            |     6 |     8 ||    14
       Potion            |       |     2 ||     2
 Stab: Sleeping          |       |     1 ||     1
Armor: Robe              |    25 |    28 ||    53
       Skin              |       |     2 ||     2
Dodge: Dodged            |    80 |    73 ||   153

Table legend: (Time is in decaauts)
 A = Elapsed time spent in this place.
 B = Non-inter-level travel time spent in this place.
 C = Inter-level travel time spent in this place.
 D = Time resting spent in this place.
 E = Time spent auto-exploring this place.
 F = Levels seen in this place.
 G = Mean time per level.
                   A        B        C        D        E       F      G
               +--------+--------+--------+--------+--------+-----+--------+
         Total |   4313 |   4207 |    106 |    383 |   3298 |   5 |  862.6 |
       Dungeon |   4313 |   4207 |    106 |    383 |   3298 |   5 |  862.6 |
               +--------+--------+--------+--------+--------+-----+--------+

Top non-repeatable levels by time:
     D:1: 1406 daAuts
     D:4: 1281 daAuts
     D:2: 753 daAuts
     D:3: 724 daAuts
     D:5: 148 daAuts
